[Event "Late-Titled-Tuesday-Blitz-January-30-2024"]
[Site "Chess.com"]
[Date "2024.01.30"]
[Round "4"]
[White "IngOscarArdila"]
[Black "C_K_G"]
[Result "0-1"]
[WhiteElo "2314"]
[BlackElo "2160"]
[TimeControl "180+1"]
[EndTime "14:38:31 PST"]
[Termination "C_K_G won by checkmate"]

1. d4 d5 2. c4 e6 3. Nc3 Nf6 4. Bg5 Be7 5. e3 c6 6. Qc2 O-O 7. Nf3 Nbd7 8. Bd3 h6 9. Bh4 b6 10. cxd5 exd5 11. O-O Bb7 12. a3 c5 13. Rfd1 a6 14. Rac1 c4 15. Bf5 b5 16. Ne5 Re8 17.
f4 Nf8 18. Rf1 Qd6 19. Rce1 Qb6 20. h3 a5 21. Bxf6 Bxf6 22. Nd7 Nxd7 23. Bxd7 Rxe3 24. Bxb5 Rxe1 25. Rxe1 Bxd4+ 26. Kh2 Bxc3 27. Qxc3 Qxb5 28. Re7 Re8 29. Qe5 Rxe7 30. Qxe7 Qxb2 31. Qe8+ Kh7 32.
Qxf7 Bc8 33. Qxd5 c3 34. Qc6 Bf5 35. Qc5 Qc2 36. Qxa5 Qd3 37. Qc7 c2 38. g4 Be4 39.
f5 Qe2+ 40. Kg3 Qf3+ 41. Kh4 Qf2+ 42. Kh5 Qe3 43. Kh4 Qg5+ 44. Kg3 h5 45. f6 h4+ 46. Kh2 Qxf6 47. g5 Qf2# 0-1

[Event "Late-Titled-Tuesday-Blitz-January-30-2024"]
[Site "Chess.com"]
[Date "2024.01.30"]
[Round "4"]
[White "jup1978"]
[Black "PNEPaul"]
[Result "1-0"]
[WhiteElo "2433"]
[BlackElo "1849"]
[TimeControl "180+1"]
[EndTime "14:38:33 PST"]
[Termination "jup1978 won on time"]

1. e4 e5 2. Bc4 Nc6 3. Nc3 Be7 4. d3 Nf6 5. f4 Bc5 6. Nf3 d6 7. h3 O-O 8. Qe2 Nh5 9. Rh2 Ng3 10. Qd1 h6 11.
Ne2 Nxe2 12. Qxe2 Nd4 13. Nxd4 Bxd4 14. c3 Qh4+ 15. Kd1 Bb6 16. f5 Qg3 17. Rh1 c6 18.
Bd2 d5 19. exd5 Bxf5 20. dxc6 bxc6 21. Kc2 Rad8 22. Rad1 Qg6 23. g4 Be6 24. Bxe6 Qxe6 25. Kb1 Qd5 26. Be3 Bxe3 27. Qxe3 Rfe8 28. Rhf1 Rd7 29.
Rfe1 Rde7 30. Qe4 Qb5 31. b3 Qc5 32. Qc4 Qa5 33. Re4 c5 34. Rde1 Qb6 35. Kb2 Re6 36.
Qd5 Qc7 37. h4 R6e7 38. g5 Rd7 39. Qc4 hxg5 40. hxg5 Rde7 41. g6 Re6 42. gxf7+ Qxf7 43. Qxc5 Rd8 44. R1e2 1-0

[Event "Late-Titled-Tuesday-Blitz-January-30-2024"]
[Site "Chess.com"]
[Date "2024.01.30"]
[Round "4"]
[White "FairChess_on_YouTube"]
[Black "Eduard_Limonov"]
[Result "1-0"]
[WhiteElo "3093"]
[BlackElo "2878"]
[TimeControl "180+1"]
[EndTime "14:38:35 PST"]
[Termination "FairChess_on_YouTube won on time"]

1. e4 c5 2. Nf3 e6 3. d4 cxd4 4. Nxd4 Nf6 5. Nc3 Nc6 6. a3 Be7 7. Be2 O-O 8. O-O d6 9. Be3 Bd7 10.
Kh1 a6 11. f4 Nxd4 12. Bxd4 Bc6 13. Qd3 Rc8 14. Rad1 Qc7 15. Qg3 b5 16. e5 dxe5 17. Bxe5 Qb7 18. f5 b4 19. axb4 Qxb4 20. Bxa6 Ra8 21.
Bd3 Qg4 22. fxe6 fxe6 23. Rxf6 Bxg2+ 24. Kg1 Bc5+ 25. Kxg2 Qxg3+ 26. hxg3 gxf6 27. Ne4 Be7 28. Bc3 f5 29. Nd2 Bf6 30. Bxf6 Rxf6 31. b4 Rb8 32. b5 e5 33. Rf1 e4 34. Bxe4 Rxb5 35. Bd3 Rc5 36.
Nb3 Re5 37. Nd4 Kg7 38. Nxf5+ Kf8 39. Rf4 Ra5 40. Kf3 h5 41. Kg2 Rc5 42. Kh3 Ra5 43. Kh4 Rc5 44. Kxh5 Rf7 45. g4 Rh7+ 46. Kg6 Rf7 47.
Rd4 Rc6+ 48. Kg5 Ra7 49. Bc4 1-0

[Event "Late-Titled-Tuesday-Blitz-January-30-2024"]
[Site "Chess.com"]
[Date "2024.01.30"]
[Round "4"]
[White "Perecke"]
[Black "K_A_S_T_O_R"]
[Result "0-1"]
[WhiteElo "2601"]
[BlackElo "2910"]
[TimeControl "180+1"]
[EndTime "14:38:35 PST"]
[Termination "K_A_S_T_O_R won by resignation"]

1. e4 c5 2. Nf3 d6 3. d4 cxd4 4. Nxd4 Nf6 5. Nc3 a6 6. h3 e6 7. g4 h6 8. Bg2 Be7 9. O-O g5 10. Nde2 Nbd7 11. f4 gxf4 12. Nxf4 Ne5 13. Be3 b5 14. a4 b4 15. Na2 Rb8 16. Ba7 Rb7 17.
Bd4 Bd7 18. c3 bxc3 19. Nxc3 Rxb2 20. Nd3 Nxd3 21. Qxd3 e5 22. Be3 Rb3 23. Qc2 Rb4 24. Nd5 Nxd5 25. exd5 Bg5 26. Bxg5 hxg5 27. Rf2 Rf4 28.
Rb1 Bxa4 29. Qc3 Bb5 30. Rc2 O-O 31. Qc7 Qf6 32. Qb6 e4 33. Rbc1 Kg7 34. Rc8 Rxc8 35. Rxc8 Qa1+ 36. Kh2 Qe5 37. Kg1 Qf6 38. Qb8 Kh7 39.
Rf8 e3 40. Qd8 0-1

[Event "Late-Titled-Tuesday-Blitz-January-30-2024"]
[Site "Chess.com"]
[Date "2024.01.30"]
[Round "4"]
[White "MKlose11"]
[Black "ArturoCaceres"]
[Result "0-1"]
[WhiteElo "2613"]
[BlackElo "2459"]
[TimeControl "180+1"]
[EndTime "14:38:35 PST"]
[Termination "ArturoCaceres won by resignation"]

1. e4 c5 2. Nc3 a6 3. d3 b5 4. g3 Bb7 5. Bg2 h5 6. Nh3 h4 7. g4 e6 8. O-O Nc6 9. f4 Qb6 10. f5 Nd4 11. fxe6 dxe6 12. Be3 Be7 13. Ng5 f6 14. Nf3 h3 15. Bh1 Nh6 16. Bxh6 Rxh6 17. Ne2 e5 18. Ng3 c4 19. Rf2 Nxf3+ 20. Qxf3 Bc5 21.
Nf5 Rg6 22. Kf1 Bxf2 23. Qxf2 Qxf2+ 24. Kxf2 Rd8 25. Rd1 cxd3 26. cxd3 Rxg4 27. Bf3 Rg5 28.
Ke3 Bc8 29. Ng3 Be6 30. Rc1 Kd7 31. a4 Rc8 32. Ra1 b4 33. Bd1 a5 34. Rb1 g6 35.
b3 f5 36. exf5 gxf5 37. Ne2 Kd6 38. d4 f4+ 39. Kf2 Rg2+ 40. Kf1 Rxh2 41. dxe5+ Kxe5 42.
Ng1 Bd5 43. Bf3 Rcc2 44. Re1+ Kd6 45. Rd1 Rcd2 0-1

[Event "Late-Titled-Tuesday-Blitz-January-30-2024"]
[Site "Chess.com"]
[Date "2024.01.30"]
[Round "4"]
[White "Sacbutt"]
[Black "RichardLeyvaP"]
[Result "0-1"]
[WhiteElo "2360"]
[BlackElo "2536"]
[TimeControl "180+1"]
[EndTime "14:38:35 PST"]
[Termination "RichardLeyvaP won by resignation"]

1. e4 e5 2. Nf3 Nc6 3. Bc4 Nf6 4. d3 Bc5 5. c3 a6 6. O-O Ba7 7. Re1 d6 8. h3 Na5 9. Nbd2 O-O 10. a4 Nxc4 11. Nxc4 h6 12. Be3 Bxe3 13. Nxe3 c6 14. Kh2 Qc7 15. g3 d5 16. Nf5 Bxf5 17. exf5 Rfe8 18. Kg2 Re7 19. d4 e4 20. Ne5 Rae8 21. g4 Nh7 22. b4 Ng5 23. h4 Nf3 24. Re3 Nxe5 25. dxe5 Qxe5 26. Qd4 Qf4 27. Rg3 f6 28. Re1 Kh7 29. a5 h5 30. Qe3 Qxe3 31. fxe3 hxg4 32. Rxg4 Kg8 33. Kg3 Kf7 34. Kf4 Rh8 35. Reg1 Rh7 36. Rh1 Rh5 37. Rhg1 Kf8 38. R1g2 Re5 39. Kg3 Rexf5 40.
Kh3 Rh7 41. R2g3 Kf7 42. Kg2 Rfh5 43. Kh3 g5 44. Rg2 Rxh4+ 45. Rxh4 Rxh4+ 46. Kg3 Kg6 47. Rf2 f5 48. Rg2 Rh5 49. Rf2 Kf6 50. Rg2 g4 51. Kf4 Rh3 52. Rf2 Rf3+ 0-1

[Event "Late-Titled-Tuesday-Blitz-January-30-2024"]
[Site "Chess.com"]
[Date "2024.01.30"]
[Round "4"]
[White "Atousa"]
[Black "BeardedNM"]
[Result "1-0"]
[WhiteElo "2410"]
[BlackElo "2192"]
[TimeControl "180+1"]
[EndTime "14:38:36 PST"]
[Termination "Atousa won on time"]

1. e4 e6 2. d4 d5 3. Bd3 dxe4 4. Bxe4 Nf6 5. Bf3 c5 6. Ne2 Nc6 7. c3 cxd4 8. cxd4 Bd6 9. O-O O-O 10. Nbc3 Ne7 11. Bg5 Ng6 12. Ne4 Be7 13. Nxf6+ Bxf6 14. Bxf6 Qxf6 15. Rc1 Rd8 16. Rc7 Rd7 17. Qc2 Qd8 18. Rc1 Rxc7 19. Qxc7 Qd7 20. Bxb7 Qxc7 21. Rxc7 Bxb7 22.
Rxb7 h5 23. f3 h4 24. Kf2 a5 25. Ke3 Rc8 26. Nc3 Rc4 27. Ra7 Rb4 28. b3 h3 29. g3 Rb6 30. Ra8+ Kh7 31. Rxa5 Rc6 32. Kd3 Ne7 33. Rh5+ Kg8 34. Rxh3 Nf5 35. g4 Nd6 36. f4 Ra6 37. a4 f6 38. Re3 Kf7 39. b4 Ra8 40. b5 Rc8 41. Re1 Nc4 42. Re2 Na5 43. Ne4 1-0

[Event "Late-Titled-Tuesday-Blitz-January-30-2024"]
[Site "Chess.com"]
[Date "2024.01.30"]
[Round "4"]
[White "Harsha_Bharathakoti"]
[Black "Alex_Banzea"]
[Result "0-1"]
[WhiteElo "2895"]
[BlackElo "2620"]
[TimeControl "180+1"]
[EndTime "14:38:37 PST"]
[Termination "Alex_Banzea won by checkmate"]

1. Nf3 Nf6 2. c4 g6 3. Nc3 Bg7 4. e4 d6 5. d4 O-O 6. Be2 Qe8 7. Be3 e5 8. d5 Ng4 9. Bg5 Bh6 10. Bxh6 Nxh6 11.
Qd2 Kg7 12. h4 f6 13. O-O-O Ng4 14. Rdf1 h5 15. Ne1 a5 16. Bxg4 Bxg4 17. Nd3 Na6 18.
f3 Bd7 19. Kb1 Rb8 20. Qe3 b5 21. c5 b4 22. Ne2 Bb5 23. c6 a4 24. Nec1 f5 25. Qg5 Qd8 26. Qg3 fxe4 27. fxe4 Qe7 28. Rf3 Nc5 29. Nxc5 dxc5 30. Rd1 Rbd8 31. Qf2 Rxf3 32.
gxf3 Rf8 33. Rg1 Rf4 34. Rg5 Kh7 35. a3 b3 36. Qe3 Rxh4 37. Qg1 Rh1 38. Qg3 Bd3+ 39.
Ka1 Rxc1# 0-1

[Event "Late-Titled-Tuesday-Blitz-January-30-2024"]
[Site "Chess.com"]
[Date "2024.01.30"]
[Round "4"]
[White "Vladimir_Zakhartsov"]
[Black "Fh2411"]
[Result "0-1"]
[WhiteElo "2834"]
[BlackElo "2588"]
[TimeControl "180+1"]
[EndTime "14:38:38 PST"]
[Termination "Fh2411 won by resignation"]

1. d4 d5 2. c4 c6 3. cxd5 cxd5 4. Bf4 Nc6 5. e3 Nf6 6. Bb5 Bd7 7. Nf3 Qb6 8. Nc3 a6 9. Bxc6 Bxc6 10. Rb1 e6 11. O-O Be7 12. Ne5 O-O 13. h3 Rfc8 14.
Qf3 Be8 15. Bg5 Qd8 16. Rfc1 h6 17. Bh4 b5 18. a3 a5 19. Bxf6 Bxf6 20. Nd3 Be7 21. b4 Rc4 22. Nc5 axb4 23. axb4 Ra3 24. Ne2 Qa8 25. Qg3 Ra2 26. Nf4 Bd6 27. Qg4 Qc8 28.
Nh5 g6 29. Nf6+ Kg7 30. Nh5+ Kh7 31. Nf4 Qc7 32. Rd1 Qe7 33. Nfd3 Rcc2 34. Rf1 h5 35. Qd1 Bb8 36. Nc1 Qd6 37. g3 Rxf2 38. N1b3 Qxg3+ 0-1

[Event "Late-Titled-Tuesday-Blitz-January-30-2024"]
[Site "Chess.com"]
[Date "2024.01.30"]
[Round "4"]
[White "Brahianzevich"]
[Black "mightysmasher"]
[Result "1-0"]
[WhiteElo "2401"]
[BlackElo "2546"]
[TimeControl "180+1"]
[EndTime "14:38:38 PST"]
[Termination "Brahianzevich won by checkmate"]

1. e4 e6 2. d4 d5 3. Nc3 dxe4 4. Nxe4 Nd7 5. Nf3 Ngf6 6. Bg5 Be7 7. Nxf6+ Bxf6 8.
Bxf6 Nxf6 9. Bd3 O-O 10. Qe2 a5 11. O-O-O a4 12. Kb1 c6 13. g4 Nd5 14. Qe4 g6 15. c4 Nb4 16. h4 Nxd3 17. Rxd3 f5 18. gxf5 exf5 19. Qf4 Qe7 20. Re3 Qf6 21. h5 Bd7 22. hxg6 h6 23. Ne5 Be6 24. Rxh6 Rfd8 25. g7 Rxd4 26.
Qh2 Rd1+ 27. Kc2 Qxg7 28. Rg3 Rd2+ 29. Kxd2 Rd8+ 30. Kc2 f4 31. Rxg7+ Kxg7 32. Rg6+ Kf8 33. Qh8+ Ke7 34. Qf6+ Kd6 35. Qxd8+ Kxe5 36. Qf6+ Ke4 37. Qxe6+ Kf3 38. Kd3 Kxf2 39. Qe2# 1-0

[Event "Late-Titled-Tuesday-Blitz-January-30-2024"]
[Site "Chess.com"]
[Date "2024.01.30"]
[Round "4"]
[White "Russian_berezka"]
[Black "Genghis_K"]
[Result "1-0"]
[WhiteElo "2585"]
[BlackElo "2827"]
[TimeControl "180+1"]
[EndTime "14:38:42 PST"]
[Termination "Russian_berezka won on time"]

1. e4 c5 2. d4 cxd4 3. c3 Nf6 4. e5 Nd5 5. cxd4 d6 6. Nf3 Nc6 7. Bc4 dxe5 8. dxe5 Ndb4 9. Qxd8+ Nxd8 10. Na3 a6 11.
Bd2 Ndc6 12. Ng5 e6 13. f4 b5 14. Be2 Nd4 15. Rc1 Nxa2 16. Rc7 Be7 17. Kf2 h6 18. Ne4 Nxe2 19. Kxe2 Bd7 20. Nd6+ Bxd6 21.
exd6 b4 22. Nc4 Bb5 23. Ra1 b3 24. Ke3 O-O 25. Na5 Ba4 26. Rc4 Bb5 27. Rd4 Rfb8 28.
Nxb3 Be8 29. Nc5 Rxb2 30. d7 Bxd7 31. Nxd7 a5 32. Nc5 Rc8 33. Nd3 Rbc2 34. Ne1 Rb2 35. Nd3 Rbc2 36. Ra4 Nc3 37. Bxc3 R8xc3 38. R1a2 Rc1 39.
Kd2 Rd1+ 40. Kxc3 1-0

[Event "Late-Titled-Tuesday-Blitz-January-30-2024"]
[Site "Chess.com"]
[Date "2024.01.30"]
[Round "4"]
[White "GMG"]
[Black "GM4life"]
[Result "1-0"]
[WhiteElo "2812"]
[BlackElo "2560"]
[TimeControl "180+1"]
[EndTime "14:38:42 PST"]
[Termination "GMG won by checkmate"]

1. Nf3 Nf6 2. c4 e6 3. g3 d5 4. Bg2 Be7 5. d4 O-O 6. O-O dxc4 7. Ne5 Nc6 8. Bxc6 bxc6 9. Nxc6 Qd7 10. Nxe7+ Qxe7 11. Nc3 e5 12. dxe5 Qxe5 13. Bf4 Qc5 14. Qc2 Bh3 15.
Rfc1 Rfe8 16. Nd1 Qh5 17. f3 Be6 18. Nf2 Nd5 19. Qxc4 Rab8 20. Nd3 g5 21. g4 Qh6 22. Bg3 Nf4 23. Qc2 Nd5 24. e4 Ne3 25. Qf2 Nc4 26. b3 Nd6 27. Rxc7 Nb5 28. Rc5 Red8 29. Qe3 f6 30. Bxb8 Rxb8 31. Rac1 Qg7 32. Nb4 Qd7 33.
Nd5 Bxd5 34. Rxd5 Qe6 35. Rcd1 Kg7 36. Rd7+ Kg6 37. Qd3 Qb6+ 38. Kg2 Rc8 39. e5+ f5 40. Qxf5+ Kh6 41. Rxh7# 1-0

[Event "Late-Titled-Tuesday-Blitz-January-30-2024"]
[Site "Chess.com"]
[Date "2024.01.30"]
[Round "4"]
[White "DeTimmerman"]
[Black "pooh2012"]
[Result "0-1"]
[WhiteElo "2668"]
[BlackElo "2493"]
[TimeControl "180+1"]
[EndTime "14:38:42 PST"]
[Termination "pooh2012 won by resignation"]

1. e4 c6 2. d4 d5 3. Nc3 dxe4 4. Nxe4 Nd7 5. Ng5 e6 6. Bd3 Ngf6 7. Qe2 Bd6 8. N1f3 h6 9. Ne4 Nxe4 10. Qxe4 Qc7 11.
Bd2 b6 12. O-O-O Bb7 13. Qe2 c5 14. Kb1 O-O-O 15. Be3 Rhe8 16. Ba6 e5 17. d5 e4 18. Nd2 f5 19. Nc4 f4 20. Bxb7+ Kxb7 21. Nxd6+ Qxd6 22. Bc1 Nf6 23. c4 Qe5 24. g3 f3 25. Qc2 Qf5 26. h3 Nd7 27. Rde1 Nf6 28. Qa4 e3+ 29. Qc2 Qxc2+ 30. Kxc2 exf2 31. Ref1 Re2+ 32. Kd3 Ne4 33. Bf4 g5 34. Be5 Re8 35. Bg7 Nxg3 36. Bxh6 Nxh1 37.
d6 Re1 38. d7 Rd8 39. Bxg5 Rxd7+ 0-1

[Event "Late-Titled-Tuesday-Blitz-January-30-2024"]
[Site "Chess.com"]
[Date "2024.01.30"]
[Round "4"]
[White "Witik"]
[Black "vidavi"]
[Result "1-0"]
[WhiteElo "2658"]
[BlackElo "2447"]
[TimeControl "180+1"]
[EndTime "14:38:42 PST"]
[Termination "Witik won by resignation"]

1. d4 Nf6 2. c4 g6 3. g3 Bg7 4.
Bg2 O-O 5. Nc3 c6 6. e4 d6 7.
Nge2 e5 8. O-O Nbd7 9. h3 Re8 10.
Re1 exd4 11. Nxd4 Nc5 12. Bf4 Ne6 13. Be3 Nxd4 14. Bxd4 Be6 15. b3 Qa5 16. Rc1 Rad8 17. Qd2 Nd7 18. Bxg7 Kxg7 19. Kh2 h5 20. f4 f6 21. Qb2 Nc5 22. Red1 Qb4 23. Rb1 a5 24. a3 Qb6 25. b4 axb4 26. axb4 Na6 27. Bf1 h4 28.
Qg2 Nxb4 29. gxh4 Rh8 30. f5 Bf7 31. fxg6 Be6 32. Qg3 Qa5 33. Be2 Qc5 34. h5 Rh6 35. Rf1 Nc2 36. Rxb7+ Rd7 37. Rxd7+ Bxd7 38. Qf4 Qe5 39.
Qxe5 dxe5 40. Rb1 Rh8 41. Rb7 Rd8 42. Bg4 1-0

[Event "Late-Titled-Tuesday-Blitz-January-30-2024"]
[Site "Chess.com"]
[Date "2024.01.30"]
[Round "4"]
[White "Vasily85"]
[Black "Mikhail_Golubev"]
[Result "0-1"]
[WhiteElo "2475"]
[BlackElo "2657"]
[TimeControl "180+1"]
[EndTime "14:38:43 PST"]
[Termination "Mikhail_Golubev won on time"]

1. Nf3 d6 2. d4 Nf6 3. c4 g6 4.
g3 Bg7 5. Bg2 O-O 6. O-O Nbd7 7.
Nc3 e5 8. e4 Re8 9. Re1 exd4 10. Nxd4 c6 11. h3 Qb6 12. Nb3 Ne5 13. Be3 c5 14.
Bf1 Be6 15. Nd5 Bxd5 16. exd5 a5 17. Rb1 a4 18. Nd2 Qa5 19. f4 Ned7 20. Nf3 Ne4 21. Kg2 Re7 22. Bd2 Qa6 23. Bd3 Rae8 24. Qc2 Nxd2 25.
Qxd2 Qb6 26. b3 Rxe1 27. Rxe1 Rxe1 28. Qxe1 Qd8 29. bxa4 b6 30. Qb1 Nf6 31. g4 Nd7 32. Kg3 h6 33. f5 Qf6 34. fxg6 fxg6 35. Bxg6 Ne5 36. Qf5 Nxg6 0-1

[Event "Late-Titled-Tuesday-Blitz-January-30-2024"]
[Site "Chess.com"]
[Date "2024.01.30"]
[Round "4"]
[White "LiemLe"]
[Black "Sokoloco"]
[Result "1-0"]
[WhiteElo "3053"]
[BlackElo "2752"]
[TimeControl "180+1"]
[EndTime "14:38:44 PST"]
[Termination "LiemLe won by resignation"]

1. Nf3 g6 2. d4 Bg7 3. e4 d6 4. Nc3 a6 5. a4 b6 6. Bc4 e6 7. O-O Nf6 8. Qe2 O-O 9. e5 Nfd7 10. Bg5 Qe8 11. Rfe1 dxe5 12. dxe5 Bb7 13. Ne4 h6 14. Bh4 Nxe5 15. Nxe5 Bxe5 16. Nf6+ Bxf6 17. Bxf6 Nd7 18. Bc3 Qe7 19. Rad1 Rfd8 20. Rd3 Nf8 21. Rh3 Qg5 22. f4 Qc5+ 23. Kh1 h5 24. Bd3 Qd5 25. Qf2 Rab8 26. Re5 Qd7 27. Rg3 Qxa4 28. Rxh5 Qa1+ 29.
Bf1 f6 30. f5 Rd1 31. Kg1 Kf7 32. fxg6+ Ke7 33. g7 Nd7 34. g8=Q Rxg8 35. Rxg8 a5 36. Rh7+ Kd6 37. Rd8 Bc6 38. h4 Bb5 39. Rhxd7+ Bxd7 40. Qxf6 Kc6 41. Qf3+ Kd6 42. h5 Qc1 43. h6 Rxf1+ 44. Qxf1 Qe3+ 45. Qf2 Qc1+ 46. Qe1 1-0

[Event "Late-Titled-Tuesday-Blitz-January-30-2024"]
[Site "Chess.com"]
[Date "2024.01.30"]
[Round "4"]
[White "ChessSkool"]
[Black "Pingah9"]
[Result "1-0"]
[WhiteElo "2715"]
[BlackElo "2531"]
[TimeControl "180+1"]
[EndTime "14:38:46 PST"]
[Termination "ChessSkool won by resignation"]

1. d4 g6 2. c3 Bg7 3. e4 d6 4.
h3 Nd7 5. Nf3 e6 6. Bd3 Ne7 7.
Be3 h6 8. Qd2 b6 9. a4 a6 10.
Na3 Bb7 11. Nc2 Kf8 12. Nh2 c5 13. O-O Kg8 14. h4 Kh7 15. h5 Rc8 16. f4 c4 17.
hxg6+ fxg6 18. Be2 Bxe4 19. Bg4 Nf5 20. Bf2 Nf6 21.
Bh3 Nd5 22. g3 h5 23. Rfe1 Nf6 24. a5 bxa5 25. Ne3 Qc7 26. Ra4 Ba8 27. Rxc4 Qb6 28. Rxc8 Rxc8 29. Bg2 Bxg2 30. Nxg2 d5 31. Nf3 Ne4 32. Ng5+ Nxg5 33. fxg5 Rb8 34. Re2 a4 35. Nf4 Re8 36. Nxd5 Qc6 37. Nf6+ Bxf6 38. gxf6 a3 39. bxa3 Rb8 40. Re1 Rf8 41. Qg5 Qxc3 42. Rxe6 Qc1+ 43. Qxc1 1-0

[Event "Late-Titled-Tuesday-Blitz-January-30-2024"]
[Site "Chess.com"]
[Date "2024.01.30"]
[Round "4"]
[White "kaanadayhamle"]
[Black "Practical-Play"]
[Result "0-1"]
[WhiteElo "2401"]
[BlackElo "2612"]
[TimeControl "180+1"]
[EndTime "14:38:46 PST"]
[Termination "Practical-Play won by resignation"]

1. Nf3 d5 2. d4 Nf6 3. g3 Bf5 4.
Bg2 e6 5. Nh4 Be4 6. f3 Bg6 7.
Nxg6 hxg6 8. O-O c5 9. c3 Nc6 10. Be3 cxd4 11. cxd4 Bd6 12. Nc3 a6 13. Bf2 Qe7 14.
e4 dxe4 15. fxe4 e5 16. d5 Nd4 17. Qa4+ b5 18. Qd1 Rc8 19. Rc1 b4 20. Ne2 Rxc1 21. Nxc1 Kf8 22. Nd3 a5 23. Nxe5 Bxe5 24. Bxd4 Kg8 25.
Qd3 Kh7 26. Rc1 Re8 27. Bxe5 Qxe5 28. b3 Qb2 29. Qc2 Qd4+ 30. Qf2 Qe5 31. Rd1 Ng4 32. Qd4 Qxd4+ 33. Rxd4 Rc8 34. Rd1 Rc2 35. Bh3 Nf2 36. d6 Nxd1 37. d7 Rd2 38. Kf1 Nc3 39. Ke1 Nxe4 40.
Kf1 f5 41. Ke1 Rxd7 0-1

[Event "Late-Titled-Tuesday-Blitz-January-30-2024"]
[Site "Chess.com"]
[Date "2024.01.30"]
[Round "4"]
[White "rhungaski"]
[Black "RCone"]
[Result "1-0"]
[WhiteElo "2509"]
[BlackElo "2311"]
[TimeControl "180+1"]
[EndTime "14:38:46 PST"]
[Termination "rhungaski won by checkmate"]

1. e4 d6 2. d4 Nf6 3. Nc3 g6 4. Bg5 Bg7 5. Qd2 c6 6. O-O-O b5 7. Bd3 Nbd7 8. f4 b4 9. Nce2 a5 10. e5 dxe5 11. fxe5 Nd5 12. Bh6 Bxh6 13. Qxh6 e6 14. Ng3 Ba6 15. Ne4 Qe7 16. Nd6+ Kd8 17. Nh3 f5 18. Ng5 Kc7 19. Rhe1 Bxd3 20. Rxd3 c5 21. dxc5 Nxc5 22. Rd4 Kb6 23. Ngf7 Rhc8 24. Rxd5 exd5 25. Qe3 Rc6 26. Qd4 Kc7 27. Qxd5 a4 28. Nb5+ Kb6 29. Nfd6 b3 30. Kb1 bxc2+ 31. Kc1 a3 32. b4 Ne4 33.
Rxe4 fxe4 34. Qd4+ Ka6 35. Qe3 Rb8 36. Qxa3+ Kb6 37. Qa5# 1-0

[Event "Late-Titled-Tuesday-Blitz-January-30-2024"]
[Site "Chess.com"]
[Date "2024.01.30"]
[Round "4"]
[White "kai_nov"]
[Black "DeArron_Fox"]
[Result "0-1"]
[WhiteElo "2294"]
[BlackElo "2492"]
[TimeControl "180+1"]
[EndTime "14:38:46 PST"]
[Termination "DeArron_Fox won on time"]

1. d4 d5 2. c4 e6 3. Nc3 Nf6 4. Nf3 Be7 5. Bg5 O-O 6. e3 h6 7. Bf4 b6 8. Bd3 Bb7 9. O-O Nbd7 10. cxd5 Nxd5 11. Nxd5 Bxd5 12. Rc1 c5 13. a3 cxd4 14. exd4 Rc8 15. Qe2 Nf6 16. Ne5 Rxc1 17. Rxc1 Qa8 18. f3 Rc8 19. Qd2 Bf8 20. h3 Bb7 21. Qf2 Nd5 22.
Bd2 Rxc1+ 23. Bxc1 Qc8 24. Bd2 Qd8 25. Kh1 Bd6 26. Be4 Qf6 27. Qg3 Ba6 28. Qe1 Bxe5 29. Bxd5 Bxd4 30. Be4 Bxb2 31. Bb4 Be5 32. Qc1 Qf4 0-1

[Event "Late-Titled-Tuesday-Blitz-January-30-2024"]
[Site "Chess.com"]
[Date "2024.01.30"]
[Round "4"]
[White "szachmistrz2500"]
[Black "jk13"]
[Result "0-1"]
[WhiteElo "2516"]
[BlackElo "2707"]
[TimeControl "180+1"]
[EndTime "14:38:47 PST"]
[Termination "jk13 won by resignation"]

1. d4 Nf6 2. c4 e6 3. Nf3 Bb4+ 4.
Bd2 Bxd2+ 5. Qxd2 O-O 6. Nc3 d5 7. e3 Qe7 8. Be2 dxc4 9. Bxc4 Rd8 10. Qe2 c5 11. O-O Nc6 12. dxc5 Qxc5 13. Rac1 b6 14. Nb5 Qe7 15. Nfd4 Nxd4 16. Nxd4 Bb7 17. Ba6 Rac8 18. Bxb7 Qxb7 19. Qb5 Rd5 20. Rxc8+ Qxc8 21. Qa4 a6 22. h3 Rc5 23. Rd1 h5 24. Ne2 Rc4 25. Qb3 b5 26. Nc3 h4 27. a4 b4 28. Ne2 Qc7 29.
Qd3 Nd5 30. Nd4 Rc1 31. Nf3 Rc2 32. Qxa6 Rxb2 33. Nxh4 Qc2 34. Rf1 b3 35. Nf3 Rb1 36.
Nd4 Rxf1+ 37. Qxf1 Qa2 38. Qb5 b2 39. Qb8+ Kh7 40.
Qd8 b1=Q+ 41. Kh2 Qg6 42. Nc6 Qxf2 0-1

[Event "Late-Titled-Tuesday-Blitz-January-30-2024"]
[Site "Chess.com"]
[Date "2024.01.30"]
[Round "4"]
[White "LastHeroJr"]
[Black "Walter_White_Poland"]
[Result "0-1"]
[WhiteElo "2485"]
[BlackElo "2321"]
[TimeControl "180+1"]
[EndTime "14:38:48 PST"]
[Termination "Walter_White_Poland won by checkmate"]

1. e4 e5 2. Nf3 Nc6 3. Bc4 Nf6 4. d3 d5 5. exd5 Nxd5 6. O-O Nb6 7. Bb5 Bd6 8. d4 e4 9. Ng5 f5 10. d5 Nxd5 11.
c4 Nf6 12. c5 Be7 13. Qb3 Qd5 14. Bc4 Qe5 15. Nf7 Qxc5 16. Nxh8 Na5 17. Bf7+ Kf8 18.
Qc3 Bd7 19. Be3 Qd6 20. Bb3 Nxb3 21. Qxb3 Be6 22. Qxb7 Bd5 23. Qb5 f4 24. Bd4 f3 25.
Nc3 Ng4 26. g3 Qh6 27. h4 Bxh4 28. Bxg7+ Kxg7 29. Qxd5 Bf6 30. Qd7+ Kxh8 31. Qxg4 Rg8 32. Qd7 e3 33. fxe3 Rxg3+ 34. Kf2 Qh2+ 35. Ke1 Bxc3+ 36. bxc3 Qe2# 0-1

[Event "Late-Titled-Tuesday-Blitz-January-30-2024"]
[Site "Chess.com"]
[Date "2024.01.30"]
[Round "4"]
[White "JonasGallasch"]
[Black "Noki102"]
[Result "0-1"]
[WhiteElo "2325"]
[BlackElo "2523"]
[TimeControl "180+1"]
[EndTime "14:38:49 PST"]
[Termination "Noki102 won by resignation"]

1. d4 d5 2. c4 e6 3. Nc3 Nf6 4.
cxd5 exd5 5. Bg5 Be7 6. e3 O-O 7. Bd3 c6 8. Qc2 h6 9. Bh4 Nh5 10. Bxe7 Qxe7 11. O-O-O Nd7 12. Nf3 b5 13. g4 Nhf6 14.
g5 hxg5 15. Nxg5 Nb6 16. h4 Bg4 17. Rdg1 Bh5 18. Nh3 Rac8 19. Nf4 b4 20. Na4 Nxa4 21.
Qxa4 c5 22. Kb1 Bf3 23. Rh3 Be4 24. Qd1 cxd4 25. exd4 Qc7 26. Bxe4 Nxe4 27. Nxd5 Qd7 28. Nf4 Qf5 29. Qh5 Qxf4 30. a4 b3 31. Rxb3 Nd2+ 32.
Ka2 Nxb3 33. Kxb3 Rb8+ 34. Ka2 Rb6 35. Rg4 Qxf2 36. Rxg7+ Kxg7 37. Qg5+ Rg6 38. Qe5+ Qf6 39. Qh5 Qe6+ 40. d5 Qf6 0-1

[Event "Late-Titled-Tuesday-Blitz-January-30-2024"]
[Site "Chess.com"]
[Date "2024.01.30"]
[Round "4"]
[White "crescentmoon2411"]
[Black "josmito10"]
[Result "0-1"]
[WhiteElo "3005"]
[BlackElo "2834"]
[TimeControl "180+1"]
[EndTime "14:38:50 PST"]
[Termination "josmito10 won by resignation"]

1. d4 d5 2. c4 e6 3. Nc3 a6 4. cxd5 exd5 5. Bf4 Nf6 6. e3 c6 7. Bd3 Bd6 8. Qf3 Bxf4 9. Qxf4 Nbd7 10. Nf3 O-O 11.
g4 Re8 12. g5 Ne4 13. Bxe4 dxe4 14. Nd2 Nf8 15. Ndxe4 Ng6 16. Qd6 Qb6 17. O-O-O Bg4 18. h4 Bxd1 19. Rxd1 Rad8 20. Qg3 c5 21. Nxc5 Qc6 22. Nd3 b5 23. h5 Nf8 24. Kb1 a5 25. Ne5 Qe6 26. h6 b4 27. Ne4 Qf5 28. f3 Rxe5 29. hxg7 Ne6 30. Qh4 Rxe4 31. fxe4 Qxg5 32.
Qh3 Qg6 33. Qh4 Ng5 34. Ka1 Rc8 35. e5 a4 36. d5 Qc2 37. Rb1 Nf3 38. Qxb4 Nd2 0-1

[Event "Late-Titled-Tuesday-Blitz-January-30-2024"]
[Site "Chess.com"]
[Date "2024.01.30"]
[Round "4"]
[White "dennisodessa"]
[Black "tptagain"]
[Result "0-1"]
[WhiteElo "2601"]
[BlackElo "2906"]
[TimeControl "180+1"]
[EndTime "14:38:50 PST"]
[Termination "tptagain won by resignation"]

1. d4 d5 2. c4 e6 3. Nc3 Bb4 4.
cxd5 exd5 5. Nf3 Nf6 6. Qa4+ Nc6 7. Bg5 O-O 8. e3 h6 9. Bxf6 Qxf6 10. Be2 Be6 11.
O-O a6 12. Qb3 Rfd8 13. Rac1 Bf8 14. Na4 Rab8 15. Nc5 Bc8 16. Rc2 a5 17. a3 Bd6 18.
Rfc1 b6 19. Na6 Bxa6 20. Bxa6 Ne7 21. Bd3 g6 22. Qc3 Kg7 23. b4 axb4 24. axb4 Ra8 25. Ra1 Bxb4 26. Rxa8 Bxc3 27. Rxd8 c5 28. Rxc3 c4 29.
Bxc4 dxc4 30. Rxc4 b5 31. Rc5 b4 32. Rb8 Qa6 33.
g3 Nc6 34. Rxc6 Qxc6 35. Ne5 Qc3 36. Rb7 b3 37. Rxf7+ Kg8 38. d5 Qxe5 0-1